 Dungeon Crawl Stone Soup version 0.24.0-37-gcf1ca852f1 (webtiles) character file.

Game seed: 14237217679967565790, levelgen mode: deterministic

446 Mrkan the Chopper (level 6, -6/56 HPs)
             Began as a Minotaur Berserker on Nov 26, 2019.
             Was a Priest of Trog.
             Mangled by an iguana (7 damage)
             ... on level 4 of the Dungeon.
             The game lasted 00:03:25 (2405 turns).

Mrkan the Chopper (Minotaur Berserker)              Turns: 2405, Time: 00:03:26

Health: -6/56      AC: 12    Str: 21    XL:     6   Next: 73%
Magic:  5/5        EV:  7    Int:  5    God:    Trog [***...]
Gold:   68         SH:  0    Dex: 11    Spells: 5/5 levels left

rFire    . . .     SeeInvis .   a - +0 hand axe
rCold    . . .     Gourm    .   (no shield)
rNeg     . . .     Faith    .   l - +0 plate armour (curse)
rPois    .         Spirit   .   (helmet restricted)
rElec    .         Reflect  .   (no cloak)
rCorr    .         Harm     .   g - +0 pair of gloves
MR       .....                  (no boots)
Stlth    ..........             (no amulet)
HPRegen  0.18/turn              (no ring)
MPRegen  0.09/turn              (no ring)

@: lethally poisoned (-6 -> -7), heavily drained
A: retaliatory headbutt, horns 2
a: Berserk, Trog's Hand, Renounce Religion


You were on level 4 of the Dungeon.
You worshipped Trog.
Trog was most pleased with you.
You were not hungry.

You visited 1 branch of the dungeon, and saw 4 of its levels.

You collected 68 gold pieces.

Inventory:

Hand Weapons
 a - a +0 hand axe (weapon)
Armour
 g - a +0 pair of gloves (worn)
 l - a cursed +0 plate armour (worn)
Jewellery
 d - an uncursed amulet of regeneration {unknown}
 j - a cursed amulet of inaccuracy {unknown}
 o - a +5 ring of protection {unknown}
 p - a +3 ring of dexterity {unknown}
Scrolls
 b - 6 scrolls of identify {unknown}
 h - a scroll of random uselessness {unknown}
 i - a scroll of amnesia {unknown}
 r - a scroll of magic mapping {unknown}
 t - a scroll of immolation {unknown}
 v - a scroll of remove curse {unknown}
 x - a scroll of fear {unknown}
Potions
 e - 2 potions of mutation {unknown}
 f - a potion of brilliance {unknown}
 k - a potion of lignification {unknown}
 m - a potion of flight {unknown}
 n - a potion of curing {unknown}
 q - a potion of resistance {unknown}
 s - a potion of experience {unknown}
 u - a potion of haste {unknown}
Comestibles
 c - 3 rations
 w - 10 chunks of flesh


   Skills:
 + Level 5.2(3.6) Fighting
 * Level 6.4(4.7) Axes
 + Level 4.4(2.8) Armour
 + Level 3.9(2.4) Dodging


You had 5 spell levels left.
You didn't know any spells.
Your spell library was empty.

Dungeon Overview and Level Annotations

Branches:
Dungeon (3/15)

Altars:

Shops:
D:4 (


Innate Abilities, Weirdness & Mutations

You reflexively headbutt those who attack you in melee.
You have a pair of horns on your head.


Message History

Your plate armour prevents you from hitting the iguana.
The iguana is heavily wounded.
The iguana bites you!
* * * LOW HITPOINT WARNING * * *
You slash the iguana!
The iguana is almost dead.
The iguana bites you but does no damage.
You barely miss the iguana.
You headbutt the iguana, but do no damage.
The iguana is almost dead.
The iguana bites you!
* * * LOW HITPOINT WARNING * * *
You closely miss the iguana. You headbutt the iguana.
The iguana is almost dead.
You feel sick. The iguana bites you!
* * * LOW HITPOINT WARNING * * *
You completely miss the iguana.
The iguana is almost dead.
The iguana bites you!
You die...

.##..÷.......... ..##
..##.....>..###### ...#
..#..............
...##.##....(..#####.
... ..##.....##
..##.###....######. .
..#.####.#........
#..###l#..###.#.######.
#..).@#..#.....#
####.....##.##.#
#.#####.##. #.##### #.#
#..# #.#...
#.####.###.##)#.###
#.#........##))...#
#.#.#########.....###
#.#.# #........
######.#.#
#######.∩...###


You could see an iguana.

Vanquished Creatures
  Sigmund (D:2)
  A scorpion (D:4)
  A hound (D:4)
  2 orc priests (D:4)
  A worker ant (D:4)
  An orc wizard (D:4)
  Robin (D:2)
  2 adders
  An ooze (D:1)
  A worm (D:2)
  A dart slug (D:2)
  3 leopard geckos
  An orc (D:4)
  3 bats (D:1)
  3 giant cockroaches
  15 goblins
  6 hobgoblins
  5 kobolds
  2 quokkas
  2 ball pythons
  8 frilled lizards
  5 rats
66 creatures vanquished.

Notes
Turn   | Place    | Note
-------+----------+-------------------------------------------
     0 | D:1      | Mrkan the Minotaur Berserker began the quest for the Orb.
     0 | D:1      | Reached XP level 1. HP: 19/19 MP: 0/0
   276 | D:1      | Reached XP level 2. HP: 26/27 MP: 1/1
   278 | D:1      | Reached skill level 4 in Axes
   620 | D:1      | Reached ** piety under Trog
   716 | D:1      | Reached XP level 3. HP: 31/33 MP: 2/2
   946 | D:2      | Noticed Robin
   965 | D:2      | Killed Robin
  1234 | D:2      | Reached XP level 4. HP: 40/40 MP: 3/3
  1458 | D:2      | Noticed Sigmund
  1479 | D:2      | Killed Sigmund
  1479 | D:2      | Reached skill level 5 in Axes
  1479 | D:2      | Reached XP level 5. HP: 36/47 MP: 4/4
  2214 | D:3      | You fall into a shaft and drop 1 floor!
  2221 | D:4      | Reached XP level 6. HP: 48/55 MP: 5/5
  2239 | D:4      | Found Oratoxem's Antique Weapon Boutique.
  2266 | D:4      | Reached skill level 5 in Fighting
  2266 | D:4      | Reached skill level 6 in Axes
  2376 | D:4      | Reached *** piety under Trog
  2404 | D:4      | HP: 1/56 [iguana (8)]
  2405 | D:4      | Mangled by an iguana

Levels and vault maps discovered:
D:1:      dpeg_arrival_tiny_f, layout_basic
D:2:      layout_basic, first_ration, uniq_sigmund, uniq_robin
D:3:      layout_loops_ring, lemuel_doored_altar, roderic_lattice_a
D:4:      minmay_evil_eye, layout_loops_ring,
          chequers_temple_overflow_minitemple, serial_shops, shop, shop,
          nicolae_shop_stone, shop, nicolae_shop_waterfront

Skill      XL: |  1  2  3  4  5  6 |
---------------+-------------------+-----
Axes           | 4 5 6 |  6.4
Fighting       | 4 5 |  5.2
Armour         | 3 4 |  4.4
Dodging        | 3 |  3.9

Action                   |  1- 3 |  4- 6 || total
-------------------------+-------+-------++-------
Melee: Hand axe          |    98 |   107 ||   205
       Headbutt          |    13 |    15 ||    28
  Eat: Chunk             |     1 |     4 ||     5
Armor: Animal skin       |     7 |       ||     7
       Plate armour      |    40 |    71 ||   111
Dodge: Dodged            |    52 |    32 ||    84
